Selects Airborne Battlegroup
Selects Heavy Machine Gun Paradrop
Selects Heavy Machine Gun Paradrop
Heavy Machine Gun Paradrop
Heavy Machine Gun Paradrop
Selects Paratrooper Squad Paradrop
Selects Anti-tank Gun Team Paradrop
Anti-tank Gun Team Paradrop
Construct Medical Station
Anti-tank Gun Team Paradrop
M1918 Browning Automatic Rifles
Heavy Machine Gun Paradrop
Anti-tank Gun Team Paradrop
Heavy Machine Gun Paradrop